 Dungeon Crawl Stone Soup version 0.23.1 (webtiles) character file.

Game seed: 0

198716 vishdafish the Blocker (level 18, -17/158 HPs)
             Began as a Gnoll Fighter on Mar 15, 2019.
             Was the Champion of Vehumet.
             Killed from afar by a deep elf annihilator (44 damage)
             ... with an iron shot
             ... on level 3 of the Elven Halls.
             The game lasted 01:35:27 (36001 turns).

vishdafish the Blocker (Gnoll Fighter)             Turns: 36001, Time: 01:35:28

Health: -17/158    AC: 21    Str: 31    XL:     18   Next: 90%
Magic:  27/53      EV: 24    Int: 22    God:    Vehumet [******]
Gold:   1980       SH: 15    Dex: 14    Spells: 9/41 levels left

rFire    + . .     SeeInvis .   W - +3 scimitar (flame)
rCold    . . .     Gourm    .   Y - +1 shield {AC+3}
rNeg     . . .     Faith    .   c - +3 robe of Clouds {+Thunder rCloud rElec}
rPois    .         Spirit   .   k - +3 hat of Pondering {ponderous, MR+ MP+10 Int+5}
rElec    +         Reflect  .   Q - +2 cloak
rCorr    .         Harm     .   l - +1 pair of gloves
MR       ++++.                  O - +1 pair of boots {run}
Stlth    +++++.....             G - amulet of magic regeneration
HPRegen  0.36/turn              p - +4 ring of evasion
MPRegen  0.58/turn              C - ring "Hukijux" {*Drain MR++ MP+9 Str+10 Slay+3}

@: radiating poison
A: distributed training, fangs 1, deterioration 1, fire resistance 1, robust 1,
strong nose
a: Renounce Religion, Evoke Thunderclouds


You were on level 3 of the Elven Halls.
You worshipped Vehumet.
Vehumet was exalted by your worship.
You were not hungry.

You visited 5 branches of the dungeon, and saw 27 of its levels.
You also visited: Ice Cave, Volcano and Wizlab.

You collected 3013 gold pieces.
You spent 1033 gold pieces at shops.

Inventory:

Hand Weapons
 W - a +3 scimitar of flaming (weapon)
Missiles
 D - a steel javelin
 H - a throwing net
 M - 16 tomahawks (quivered)
 P - 12 javelins
Armour
 c - the +3 robe of Clouds (worn) {+Thunder rCloud rElec}
   (You took it off a Cloud Mage in a wizard's laboratory)

   It insulates you from electricity.
 k - the +3 hat of Pondering (worn) {ponderous, MR+ MP+10 Int+5}
   (You bought it in a shop on level 2 of the Orcish Mines)

   It affects your intelligence (+5).
   It affects your resistance to hostile enchantments.
   It affects your magic capacity (+10).
 l - a +1 pair of gloves (worn)
 O - a +1 pair of boots of running (worn)
 Q - a +2 cloak (worn)
 Y - a +1 shield of protection (worn)
Jewellery
 p - a +4 ring of evasion (left hand)
 w - an uncursed ring of protection from cold
 C - the ring "Hukijux" (right hand) {*Drain MR++ MP+9 Str+10 Slay+3}
   (You acquired it on level 2 of the Elven Halls)

   [ring of magical power]

   It affects your strength (+10).
   It affects your accuracy and damage with ranged weapons and melee attacks
   (+3).
   It affects your resistance to hostile enchantments.
   It affects your magic capacity (+9).
   It causes draining when unequipped.
 G - an amulet of magic regeneration (around neck)
Wands
 a - a wand of iceblast (9)
 K - a wand of paralysis (16)
 U - a wand of flame (21)
 X - a wand of enslavement (8)
Scrolls
 i - a scroll of torment
 j - 3 scrolls of amnesia
 o - 13 scrolls of teleportation
 v - 9 scrolls of enchant armour
 y - 3 scrolls of summoning
 E - 6 scrolls of fog
 F - 13 scrolls of remove curse
 I - a scroll of holy word
 N - a scroll of silence
 R - 2 scrolls of vulnerability
 S - 3 scrolls of enchant weapon
 V - 2 scrolls of immolation
 Z - 3 scrolls of magic mapping
Potions
 d - 4 potions of might
 e - 4 potions of lignification
 h - 5 potions of magic
 m - 4 potions of curing
 q - 3 potions of agility
 s - 5 potions of mutation
 u - 6 potions of brilliance
 z - 6 potions of invisibility
 A - a potion of resistance
 B - 5 potions of flight
 T - 4 potions of haste
Miscellaneous
 b - a lamp of fire (inert)
 n - a phial of floods
 r - a lightning rod (4/4)
 x - a fan of gales (inert)
 J - a phantom mirror
Comestibles
 f - a ration


   Skills:
 + Level 13.6 Fighting
 + Level 12.2 Short Blades
 + Level 13.0 Long Blades
 + Level 12.2 Axes
 + Level 12.2 Maces & Flails
 + Level 12.2 Polearms
 + Level 12.2 Staves
 + Level 12.2 Slings
 + Level 12.2 Bows
 + Level 12.2 Crossbows
 + Level 12.2 Throwing
 + Level 13.6 Armour
 + Level 12.2 Dodging
 + Level 12.2 Stealth
 + Level 13.6 Shields
 + Level 12.2 Unarmed Combat
 + Level 12.2 Spellcasting
 + Level 10.5 Conjurations
 + Level 10.5 Hexes
 + Level 10.5 Charms
 + Level 10.5 Summonings
 + Level 10.5 Necromancy
 + Level 10.5 Translocations
 + Level 10.5 Transmutations
 + Level 10.5 Fire Magic
 + Level 10.5 Ice Magic
 + Level 10.5 Air Magic
 + Level 10.5 Earth Magic
 + Level 10.5 Poison Magic
 + Level 13.2 Invocations
 + Level 12.2 Evocations


You had 9 spell levels left.
You knew the following spells:

 Your Spells              Type           Power        Failure   Level  Hunger
a - Ignite Poison         Fire/Tmut/Pois ######..     1%          3    None
b - Olgreb's Toxic Radia  Pois           ######..     1%          4    None
c - Blink                 Tloc           N/A          1%          2    None
d - Mephitic Cloud        Conj/Pois/Air  ######..     1%          3    None
e - Bolt of Fire          Conj/Fire      ######....   3%          6    #####..
f - Spellforged Servitor  Conj/Summ      ######....   17%         7    #######
g - Apportation           Tloc           ######       1%          1    None
h - Freezing Cloud        Conj/Ice/Air   ######....   3%          6    #####..

Your spell library contained the following spells:

 Spells                   Type           Power        Failure   Level  Hunger
 Ozocubu's Refrigeration  Ice            ######....   3%          6    #####..
 Animate Skeleton         Necr           N/A          1%          1    None
 Beastly Appendage        Tmut           ######       1%          1    None
 Confusing Touch          Hex            ######       1%          1    None
 Corona                   Hex            ######.      1%          1    None
 Flame Tongue             Conj/Fire      #####        1%          1    None
 Magic Dart               Conj           ####         1%          1    None
 Summon Butterflies       Summ           ######..     1%          1    None
 Summon Small Mammal      Summ           ####         1%          1    None
 Call Imp                 Summ           ######..     1%          2    None
 Poisonous Vapours        Pois/Air       ######       1%          2    None
 Searing Ray              Conj           ######       1%          2    None
 Shroud of Golubria       Chrm/Tloc      ######....   1%          2    None
 Slow                     Hex            ######..     1%          2    None
 Sticks to Snakes         Tmut           ######..     1%          2    None
 Swiftness                Chrm/Air       ######..     1%          2    None
 Throw Flame              Conj/Fire      ######       1%          2    None
 Call Canine Familiar     Summ           ######..     1%          3    None
 Conjure Flame            Conj/Fire      ######..     1%          3    None
 Dazzling Spray           Conj/Hex       ######       1%          3    None
 Inner Flame              Hex/Fire       ######..     1%          3    None
 Lesser Beckoning         Tloc           ######....   1%          3    None
 Portal Projectile        Hex/Tloc       ######       1%          3    None
 Recall                   Summ/Tloc      N/A          1%          3    None
 Spider Form              Tmut/Pois      ######....   1%          3    None
 Static Discharge         Conj/Air       ######..     1%          3    None
 Summon Guardian Golem    Hex/Summ       ######..     1%          3    None
 Tukima's Dance           Hex            ######..     1%          3    None
 Cause Fear               Hex            ######....   1%          4    None
 Force Lance              Conj/Tloc      ######..     1%          4    None
 Fulminant Prism          Conj/Hex       ######....   1%          4    None
 Ice Form                 Ice/Tmut       ######..     1%          4    None
 Iskenderun's Mystic Bla  Conj           ######..     1%          4    None
 Leda's Liquefaction      Hex/Erth       ######....   1%          4    None
 Sticky Flame             Conj/Fire      ######..     1%          4    None
 Summon Ice Beast         Ice/Summ       ######..     1%          4    None
 Summon Lightning Spire   Summ/Air       ######..     1%          4    None
 Alistair's Intoxication  Tmut/Pois      ######..     1%          5    ####...
 Aura of Abjuration       Summ           ######....   1%          5    ####...
 Blade Hands              Tmut           ######....   1%          5    ####...
 Dispel Undead            Necr           ######..     1%          5    ####...
 Excruciating Wounds      Chrm/Necr      ######....   1%          5    ####...
 Fireball                 Conj/Fire      ######....   1%          5    ####...
 Lightning Bolt           Conj/Air       ######....   1%          5    ####...
 Silence                  Hex/Air        ######....   1%          5    ####...
 Summon Demon             Summ           ######....   1%          5    ####...
 Summon Forest            Summ/Tloc      ######....   1%          5    ####...
 Summon Mana Viper        Hex/Summ       ######..     1%          5    ####...
 Conjure Ball Lightning   Conj/Air       ######....   3%          6    #####..
 Death Channel            Necr           ######....   12%         6    #####..
 Deflect Missiles         Chrm/Air       ######....   12%         6    #####..
 Dispersal                Tloc           ######....   12%         6    #####..
 Invisibility             Hex            ######..     12%         6    #####..
 Shadow Creatures         Summ           N/A          12%         6    #####..
 Malign Gateway           Summ/Tloc      ######....   54%         7    #######
 Ring of Flames           Chrm/Fire      ######....   54%         7    #######
 Ignition                 Fire           ######....   73%         8    #######
 Shatter                  Erth           ######....   100%        9    #######
 Tornado                  Air            ######....   100%        9    #######


Dungeon Overview and Level Annotations

Branches:
Dungeon (15/15)            Temple (1/1) D:5            Lair (6/6) D:11
  Swamp (0/4) Lair:4        Snake (0/4) Lair:3        Slime (0/5) Lair:5
    Orc (2/2) D:10            Elf (3/3) Orc:2        Vaults (0/5) D:13
 Depths (0/5) D:15

Altars:
Ashenzari
Cheibriados
Dithmenos
Elyvilon
Fedhas
Gozag
Hepliaklqana
Kikubaaqudgha
Makhleb
Nemelex Xobeh
Okawaru
Qazlal
Ru
Sif Muna
Trog
Uskayaw
Vehumet
Wu Jian
Xom
Yredelemnul
Zin
The Shining One
Beogh

Shops:
D:10 }   D:13 *   Orc:1 ?[%   Orc:2 ([[(   Elf:3 :

Portals:
Trove: D:10 (give +2 gold dragon scales)

Annotations:
D:12 exclusion: orange crystal statue


Innate Abilities, Weirdness & Mutations

Your experience applies equally to all skills.
You have very sharp teeth.
Your uncanny sense of smell can sniff out nearby items.
Your body sometimes deteriorates upon taking damage.
Your flesh is heat resistant. (rF+)
You are robust. (+10% HP)


Message History

You miss the deep elf blademaster.
The deep elf blademaster is moderately wounded.
The deep elf blademaster barely misses you.
Unknown command.
Unknown command.
Casting: Olgreb's Toxic Radiance (safe; 1% risk of failure)
Confirm with . or Enter, or press ? or * to list all spells.
You don't have enough magic to cast that spell.
Unknown command.
Magic courses through your body.
The deep elf annihilator looks even sicker.
The deep elf blademaster looks as sick as possible!
The deep elf blademaster is engulfed in blazing flames.
You block the deep elf blademaster's attack.
The deep elf blademaster hits you but does no damage.
You block the deep elf blademaster's attack. x2
A deep elf high priest comes into view. It is wielding a +0 short sword.
The deep elf annihilator casts a spell at you.
The iron shot hits you!!!
You die...

##.........##....≈≈#..#...#
#...........#.e....§.)#...#
#..........)#......§..#...#
'...........#.....§)..#...#
#..........)'.☼.°)§#..#...#
#...........#...e§≈#..#...#
##.........##.☼§§§§#..###'#
###.).....###..ee≈≈#..'...#
###'.....## #...@≈≈#..#...#
.#'####### #....≈≈#..#(..#
..## #....≈≈#..#...# ...##
#e...≈≈#..#...# ....#
#....≈≈#..#...# ...##
#....≈≈#..#...# ..##
#....≈≈#..#...# .##
#....≈≈# ## #....≈≈#


You could see 2 deep elf blademasters, a deep elf master archer, a deep elf
annihilator and a deep elf high priest.

Vanquished Creatures
  Saint Roka (Elf:2)
  A Cloud Mage (WizLab)
  A deep elf master archer (Elf:3)
  A deep elf blademaster (Elf:3)
  Gastronok (Orc:1)
  Kirke (D:14)
  Agnes (Elf:2)
  Donald (Orc:2)
  5 deep elf sorcerers (Elf:3)
  A frost giant (IceCv)
  4 deep elf demonologists
  5 deep elf annihilators (Elf:3)
  3 spark wasps (WizLab)
  3 deep elf death magi
  2 blizzard demons (WizLab)
  A fire dragon (Volcano)
  Josephine (Lair:4)
  2 deep elf high priests (Elf:3)
  10 hydras
  Harold (D:8)
  6 ogre magi
  3 vault guards (D:13)
  3 spriggan air magi (WizLab)
  5 catoblepae
  6 ghost crabs (WizLab)
  2 centaur warriors (D:15)
  8 death yaks
  25 dancing weapons
  24 two-headed ogres
  3 tengu warriors
  3 shock serpents (WizLab)
  Urug (D:10)
  An orc high priest (Elf:1)
  22 deep elf knights
  4 skeletal warriors (D:15)
  A fire crab (shapeshifter) (D:15)
  3 death drakes (WizLab)
  A wizard (D:13)
  8 deep elf archers
  42 deep elf magi
  A lindwurm (Volcano)
  3 orc knights
  2 wolf spider zombies (D:15)
  2 necromancers (Elf:1)
  3 oklob plants
  10 ugly things
  A mana viper (shapeshifter) (Elf:2)
  A large abomination (Elf:1)
  4 cyclopes
  8 orc sorcerers
  Joseph (D:10)
  5 apocalypse crabs (WizLab)
  5 manticores
  13 elephants
  A molten gargoyle (Volcano)
  2 gargoyles
  4 black mambas
  An ice statue (IceCv)
  A spiny frog (shapeshifter) (Elf:1)
  6 spiny frogs
  15 komodo dragons
  3 rime drakes
  5 yaktaurs (D:15)
  An efreet (D:11)
  A tengu conjurer (D:15)
  7 trolls
  A merfolk (D:10)
  A hornet (D:13)
  15 polar bears
  A wind drake (WizLab)
  9 blink frogs
  7 dream sheep
  8 hippogriffs
  Sigmund (D:5)
  8 air elementals
  A shadow (D:13)
  4 wraiths (Lair:4)
  2 wyverns
  2 basilisks
  64 yaks
  2 fire bats (Volcano)
  4 water elementals (Elf:2)
  A fire elemental (Elf:1)
  7 hogs (D:14)
  A human (D:13)
  A hungry ghost (D:10)
  6 vampire mosquitoes
  3 wargs
  Menkaure (D:4)
  3 swamp worms (Lair:4)
  3 nagas (Lair:3)
  9 water moccasins
  4 hell hounds (Volcano)
  A water moccasin (shapeshifter) (Elf:2)
  Duvessa (D:7)
  2 porcupines (Lair:3)
  23 orc warriors
  2 phantoms
  6 sky beasts
  A necrophage (D:11)
  16 ice beasts
  29 ogres
  22 wolves
  A centaur (D:6)
  11 crocodiles
  18 bullfrogs
  3 elf zombies (Elf:1)
  A gnoll sergeant (D:7)
  Dowan (D:7)
  3 scorpions
  A water moccasin skeleton (D:6)
  4 wights (D:10)
  4 killer bees (D:10)
  6 electric eels
  7 howler monkeys
  5 crimson imps
  4 lava snakes (Volcano)
  3 centaur zombies
  A quasit (D:14)
  2 bullfrog zombies
  6 centaur skeletons
  6 hounds
  2 jellies
  32 orc wizards
  3 bullfrog skeletons
  22 orc priests
  Ijyb (D:5)
  9 iguanas
  6 worker ants
  A bullfrog simulacrum (D:12)
  3 hound skeletons
  A worker ant zombie (D:10)
  6 gnolls
  4 adders
  A shadow imp (D:11)
  2 white imps (D:12)
  An ufetubus (D:12)
  An adder zombie (D:5)
  2 adder skeletons
  3 worms
  A dart slug (D:3)
  4 leopard geckos
  85 orcs
  2 ball pythons
  4 giant cockroaches
  2 gnoll zombies (D:3)
  3 goblins
  6 hobgoblins
  2 kobolds
  7 quokkas
  3 bats
  5 frilled lizards
  A giant cockroach zombie (D:5)
  A jackal zombie (D:5)
  A leopard gecko skeleton (D:4)
  2 rats (D:3)
  A plant (Lair:4)
912 creatures vanquished.

Vanquished Creatures (collateral kills)
  A hydra (D:15)
1 creature vanquished.

Vanquished Creatures (others)
  A spriggan air mage (WizLab)
  A dancing weapon (Elf:3)
  An apocalypse crab (WizLab)
  A wind drake (WizLab)
  2 air elementals (WizLab)
  A wolf (IceCv)
  3 fungi
  16 plants
26 creatures vanquished.

Grand Total: 939 creatures vanquished

Notes
Turn   | Place    | Note
-------+----------+-------------------------------------------
     0 | D:1      | vishdafish the Gnoll Fighter began the quest for the Orb.
     0 | D:1      | Reached XP level 1. HP: 23/23 MP: 1/1
   378 | D:2      | Reached XP level 2. HP: 29/29 MP: 2/2
   674 | D:2      | Found a glowing golden altar of the Shining One.
   769 | D:3      | Reached XP level 3. HP: 35/35 MP: 3/3
   780 | D:3      | Reached skill level 1 in Short Blades
   780 | D:3      | Reached skill level 1 in Axes
   780 | D:3      | Reached skill level 1 in Maces & Flails
   780 | D:3      | Reached skill level 1 in Polearms
   780 | D:3      | Reached skill level 1 in Staves
   780 | D:3      | Reached skill level 1 in Slings
   780 | D:3      | Reached skill level 1 in Bows
   780 | D:3      | Reached skill level 1 in Crossbows
   780 | D:3      | Reached skill level 1 in Throwing
   780 | D:3      | Reached skill level 1 in Dodging
   780 | D:3      | Reached skill level 1 in Stealth
   780 | D:3      | Reached skill level 1 in Unarmed Combat
   780 | D:3      | Reached skill level 1 in Spellcasting
   780 | D:3      | Reached skill level 1 in Invocations
   780 | D:3      | Reached skill level 1 in Evocations
   822 | D:3      | Reached XP level 4. HP: 40/41 MP: 5/5
   824 | D:3      | You fall through a shaft for 2 floors!
   824 | D:5      | Entered Level 5 of the Dungeon
   825 | D:5      | Noticed a sky beast
   847 | D:5      | Killed a sky beast
   847 | D:5      | Reached skill level 1 in Conjurations
   847 | D:5      | Reached skill level 1 in Hexes
   847 | D:5      | Reached skill level 1 in Charms
   847 | D:5      | Reached skill level 1 in Summonings
   847 | D:5      | Reached skill level 1 in Necromancy
   847 | D:5      | Reached skill level 1 in Translocations
   847 | D:5      | Reached skill level 1 in Transmutations
   847 | D:5      | Reached skill level 1 in Fire Magic
   847 | D:5      | Reached skill level 1 in Ice Magic
   847 | D:5      | Reached skill level 1 in Air Magic
   847 | D:5      | Reached skill level 1 in Earth Magic
   847 | D:5      | Reached skill level 1 in Poison Magic
   847 | D:5      | Reached XP level 5. HP: 15/47 MP: 5/7
   943 | D:5      | Noticed Ijyb
   948 | D:5      | Killed Ijyb
  1170 | D:5      | Found a staircase to the Ecumenical Temple.
  1180 | Temple   | Entered the Ecumenical Temple
  1188 | Temple   | Reached XP level 6. HP: 22/53 MP: 8/8
  1427 | Temple   | Became a worshipper of Vehumet
  1714 | D:4      | Found a shimmering altar of Xom.
  1848 | D:3      | Noticed an ice beast
  1856 | D:3      | Killed an ice beast
  1856 | D:3      | Reached skill level 5 in Long Blades
  1903 | D:3      | Found a faded altar of an unknown god.
  2017 | D:3      | Reached XP level 7. HP: 56/59 MP: 10/10
  2091 | D:3      | Reached * piety under Vehumet
  2091 | D:3      | Offered knowledge of Sting by Vehumet.
  2095 | D:3      | Found a basalt altar of Yredelemnul.
  2113 | D:3      | Found a burning altar of Makhleb.
  2113 | D:3      | Found an opulent altar of Gozag.
  2510 | D:4      | Found a bloodstained altar of Trog.
  2886 | D:4      | Noticed Menkaure
  2892 | D:4      | Killed Menkaure
  2892 | D:4      | Reached XP level 8. HP: 12/67 MP: 12/12
  3209 | D:5      | Noticed Sigmund
  3623 | D:5      | Found a sacrificial altar of Ru.
  3874 | D:5      | Killed Sigmund
  3927 | D:6      | Reached ** piety under Vehumet
  3928 | D:6      | Offered knowledge of Shock by Vehumet.
  3957 | D:5      | Reached XP level 9. HP: 13/72 MP: 14/14
  5224 | D:7      | Found a shadowy altar of Dithmenos.
  5467 | D:7      | Noticed Duvessa
  5468 | D:7      | Noticed Dowan
  5478 | D:7      | Killed Duvessa
  5500 | D:7      | Killed Dowan
  5552 | D:7      | Offered knowledge of Ignite Poison by Vehumet.
  5570 | D:7      | Found a deep blue altar of Sif Muna.
  5630 | D:7      | Learned a level 3 spell: Ignite Poison
  5835 | D:8      | Reached skill level 5 in Invocations
  5846 | D:8      | Reached *** piety under Vehumet
  6116 | D:8      | Noticed Harold
  6133 | D:8      | Killed Harold
  6133 | D:8      | Reached skill level 5 in Short Blades
  6133 | D:8      | Reached skill level 5 in Axes
  6133 | D:8      | Reached skill level 5 in Maces & Flails
  6133 | D:8      | Reached skill level 5 in Polearms
  6133 | D:8      | Reached skill level 5 in Staves
  6133 | D:8      | Reached skill level 5 in Slings
  6133 | D:8      | Reached skill level 5 in Bows
  6133 | D:8      | Reached skill level 5 in Crossbows
  6133 | D:8      | Reached skill level 5 in Throwing
  6133 | D:8      | Reached skill level 5 in Dodging
  6133 | D:8      | Reached skill level 5 in Stealth
  6133 | D:8      | Reached skill level 5 in Unarmed Combat
  6133 | D:8      | Reached skill level 5 in Spellcasting
  6133 | D:8      | Reached skill level 5 in Evocations
  6133 | D:8      | Reached XP level 10. HP: 40/81 MP: 17/17
  6377 | D:8      | Offered knowledge of Olgreb's Toxic Radiance by Vehumet.
  6412 | D:8      | Learned a level 4 spell: Olgreb's Toxic Radiance
  6701 | D:8      | Got a dazzling rapier
  6702 | D:8      | Identified the +9 rapier "Starlight" {holy, rF+ rC+ MR+
                  | Int-5} (You found it on level 8 of the Dungeon)
  7587 | D:10     | Entered Level 10 of the Dungeon
  7587 | D:10     | Noticed Joseph
  7629 | D:10     | Found a staircase to the Orcish Mines.
  7640 | D:10     | Found a roughly hewn altar of Beogh.
  7919 | D:10     | Noticed Urug
  7934 | D:10     | Killed Urug
  7955 | D:10     | Reached **** piety under Vehumet
  8039 | D:10     | Found a portal to a secret trove of treasure.
  8095 | D:10     | Found Miut's Gadget Emporium.
  8103 | D:10     | Bought a wand of acid (6) for 260 gold pieces
  8137 | D:10     | Offered knowledge of Yara's Violent Unravelling by Vehumet.
  8137 | D:10     | Reached XP level 11. HP: 76/87 MP: 19/19
  8141 | D:10     | Learned a level 2 spell: Blink
  8145 | D:10     | Learned a level 3 spell: Mephitic Cloud
  8217 | D:10     | Killed Joseph
  9101 | D:11     | Reached skill level 5 in Conjurations
  9101 | D:11     | Reached skill level 5 in Hexes
  9101 | D:11     | Reached skill level 5 in Charms
  9101 | D:11     | Reached skill level 5 in Summonings
  9101 | D:11     | Reached skill level 5 in Necromancy
  9101 | D:11     | Reached skill level 5 in Translocations
  9101 | D:11     | Reached skill level 5 in Transmutations
  9101 | D:11     | Reached skill level 5 in Fire Magic
  9101 | D:11     | Reached skill level 5 in Ice Magic
  9101 | D:11     | Reached skill level 5 in Air Magic
  9101 | D:11     | Reached skill level 5 in Earth Magic
  9101 | D:11     | Reached skill level 5 in Poison Magic
  9748 | D:11     | Found a staircase to the Lair.
  9959 | D:12     | Found a frozen archway.
 10012 | IceCv    | Entered an ice cave
 10021 | IceCv    | Reached ***** piety under Vehumet
 10025 | IceCv    | Offered knowledge of Freezing Cloud by Vehumet.
 11183 | IceCv    | Reached XP level 12. HP: 73/96 MP: 20/22
 11394 | IceCv    | Noticed a frost giant
 11408 | IceCv    | Killed a frost giant
 11443 | IceCv    | Identified the Disquisition on Displacement
 11567 | D:12     | Noticed a seven-headed hydra
 11574 | D:12     | Killed a five-headed hydra
 12826 | D:12     | Reached skill level 10 in Fighting
 12826 | D:12     | Reached skill level 10 in Armour
 12826 | D:12     | Reached skill level 10 in Shields
 12842 | D:12     | Gained mutation: Your body sometimes deteriorates upon
                  | taking damage. [potion of mutation]
 12842 | D:12     | Gained mutation: Your flesh is heat resistant. (rF+)
                  | [potion of mutation]
 12842 | D:12     | Gained mutation: You are robust. (+10% HP) [potion of
                  | mutation]
 12892 | D:12     | Got a shimmering war axe
 12934 | D:12     | Noticed a soul eater
 13042 | D:12     | Identified the +5 war axe of the Scroll {chop, Int+2} (You
                  | found it on level 12 of the Dungeon)
 13347 | Lair:1   | Entered Level 1 of the Lair of Beasts
 13957 | Lair:1   | Noticed a four-headed hydra
 13965 | Lair:1   | Killed a one-headed hydra
 13965 | Lair:1   | Reached XP level 13. HP: 100/113 MP: 22/24
 14295 | Lair:1   | Offered knowledge of Bolt of Fire by Vehumet.
 14350 | Lair:1   | Learned a level 6 spell: Bolt of Fire
 15673 | Lair:3   | Found a staircase to the Snake Pit.
 17873 | Lair:4   | Found a staircase to the Swamp.
 17938 | Lair:4   | Reached XP level 14. HP: 96/122 MP: 26/26
 17990 | Lair:4   | Noticed Josephine
 18008 | Lair:4   | Killed Josephine
 18141 | Lair:4   | Offered knowledge of Spellforged Servitor by Vehumet.
 18152 | Lair:4   | Learned a level 7 spell: Spellforged Servitor
 18154 | Lair:4   | Learned a level 1 spell: Apportation
 18458 | Lair:4   | Reached skill level 10 in Long Blades
 19608 | Lair:5   | Found a staircase to the Slime Pits.
 20090 | Lair:6   | Entered Level 6 of the Lair of Beasts
 20227 | Lair:6   | Reached skill level 10 in Invocations
 20873 | Lair:6   | Reached XP level 15. HP: 18/130 MP: 28/28
 21299 | Lair:6   | Offered knowledge of Bolt of Magma by Vehumet.
 21745 | Orc:1    | Entered Level 1 of the Orcish Mines
 21745 | Orc:1    | Found Tuzorph's Food Shoppe.
 21798 | Orc:1    | Found Gasmiss's Antique Armour Boutique.
 21811 | Orc:1    | Noticed Gastronok
 21820 | Orc:1    | Killed Gastronok
 21845 | Orc:1    | Found Enanim's Magic Scroll Boutique.
 22190 | Orc:2    | Entered Level 2 of the Orcish Mines
 22286 | Orc:2    | Reached skill level 10 in Short Blades
 22286 | Orc:2    | Reached skill level 10 in Axes
 22286 | Orc:2    | Reached skill level 10 in Maces & Flails
 22286 | Orc:2    | Reached skill level 10 in Polearms
 22286 | Orc:2    | Reached skill level 10 in Staves
 22286 | Orc:2    | Reached skill level 10 in Slings
 22286 | Orc:2    | Reached skill level 10 in Bows
 22286 | Orc:2    | Reached skill level 10 in Crossbows
 22286 | Orc:2    | Reached skill level 10 in Throwing
 22286 | Orc:2    | Reached skill level 10 in Dodging
 22286 | Orc:2    | Reached skill level 10 in Stealth
 22286 | Orc:2    | Reached skill level 10 in Unarmed Combat
 22286 | Orc:2    | Reached skill level 10 in Spellcasting
 22286 | Orc:2    | Reached skill level 10 in Evocations
 22304 | Orc:2    | Found Zal Witt's Weapon Boutique.
 22304 | Orc:2    | Found Bylier's Armour Emporium.
 22305 | Orc:2    | Found Tasoic's Armour Emporium.
 22305 | Orc:2    | Found Xugaick's Antique Weapon Shop.
 22332 | Orc:2    | Bought the +3 hat of Pondering {ponderous, MR+ MP+10 Int+5}
                  | for 609 gold pieces
 22332 | Orc:2    | Found the +3 hat of Pondering {ponderous, MR+ MP+10 Int+5}
 22445 | Orc:2    | Noticed Donald
 22451 | Orc:2    | Offered knowledge of Bolt of Cold by Vehumet.
 22456 | Orc:2    | Killed Donald
 22549 | Orc:2    | Found a dark tunnel.
 22557 | Volcano  | Entered a volcano
 22838 | Volcano  | Found a bloodstained altar of Trog.
 23304 | Orc:2    | Found a staircase to the Elven Halls.
 23596 | Orc:2    | Found a roughly hewn altar of Beogh.
 23868 | D:13     | Found Ocafe's Assorted Antiques.
 23874 | D:13     | Bought a scroll of identify for 82 gold pieces
 23874 | D:13     | Bought a scroll of identify for 82 gold pieces
 24211 | D:13     | Reached XP level 16. HP: 77/139 MP: 30/30
 24623 | D:13     | Found a gate to the Vaults.
 25092 | D:14     | Noticed Kirke
 25116 | D:14     | Killed Kirke
 25873 | D:15     | Entered Level 15 of the Dungeon
 26038 | D:15     | Offered knowledge of Iron Shot by Vehumet.
 26114 | D:15     | Learned a level 6 spell: Freezing Cloud
 27134 | D:15     | Found a staircase to the Depths.
 27690 | Elf:1    | Entered Level 1 of the Elven Halls
 27713 | Elf:1    | Found a radiant altar of Vehumet.
 27717 | Elf:1    | Noticed an Ice Fiend
 27719 | Elf:1    | Noticed an Ice Fiend
 28135 | Elf:1    | Reached XP level 17. HP: 106/148 MP: 32/32
 28147 | Elf:1    | Found an ancient bone altar of Kikubaaqudgha.
 28358 | Elf:1    | Identified the Almanac of Stolen Souls
 28910 | Elf:2    | Found a magical portal.
 28919 | Elf:2    | Identified a scroll of acquirement
 28923 | Elf:2    | Got a faintly glowing lapis lazuli ring
 28925 | Elf:2    | Identified the ring "Hukijux" {*Drain MR++ MP+9 Str+10
                  | Slay+3} (You acquired it on level 2 of the Elven Halls)
 28942 | WizLab   | Entered The Chambers of the Cloud Mage
 28972 | WizLab   | Reached ****** piety under Vehumet
 30350 | WizLab   | Noticed Eviwkia
 30361 | WizLab   | Killed Eviwkia the Cloud Mage
 30638 | WizLab   | Identified the Guide on the Birds
 30662 | WizLab   | Identified a +1 pair of boots of running (You found it in a
                  | wizard's laboratory)
 31078 | Elf:2    | Offered knowledge of Ozocubu's Refrigeration by Vehumet.
 31109 | Elf:2    | Noticed Saint Roka
 31129 | Elf:2    | Killed Saint Roka
 31606 | Elf:2    | Reached skill level 10 in Conjurations
 31606 | Elf:2    | Reached skill level 10 in Hexes
 31606 | Elf:2    | Reached skill level 10 in Charms
 31606 | Elf:2    | Reached skill level 10 in Summonings
 31606 | Elf:2    | Reached skill level 10 in Necromancy
 31606 | Elf:2    | Reached skill level 10 in Translocations
 31606 | Elf:2    | Reached skill level 10 in Transmutations
 31606 | Elf:2    | Reached skill level 10 in Fire Magic
 31606 | Elf:2    | Reached skill level 10 in Ice Magic
 31606 | Elf:2    | Reached skill level 10 in Air Magic
 31606 | Elf:2    | Reached skill level 10 in Earth Magic
 31606 | Elf:2    | Reached skill level 10 in Poison Magic
 32005 | Elf:2    | Reached XP level 18. HP: 142/156 MP: 33/33
 32611 | Elf:2    | Found a runed translucent gate.
 32611 | Elf:2    | Found a runed translucent gate.
 32611 | Elf:2    | Found a runed translucent gate.
 32829 | Elf:2    | Noticed Agnes
 32842 | Elf:2    | Killed Agnes
 34711 | Elf:3    | Entered Level 3 of the Elven Halls
 34714 | Elf:3    | Found Oweopteg's Book Shop.
 35856 | Elf:3    | Noticed a deep elf master archer
 35864 | Elf:3    | Killed a deep elf master archer
 35979 | Elf:3    | Identified the ring of Lanuarod {+Blink rPois rN+ Dex+4
                  | Stlth-}
 35979 | Elf:3    | Noticed a deep elf blademaster
 35987 | Elf:3    | Noticed a deep elf blademaster
 35992 | Elf:3    | Killed a deep elf blademaster
 35995 | Elf:3    | Noticed a deep elf blademaster
 35996 | Elf:3    | Noticed a deep elf master archer
 36001 | Elf:3    | Killed from afar by a deep elf annihilator

Skill      XL: |  1  2  3  4  5  6  7  8  9 10 11 12 13 14 15 16 17 18 |
---------------+-------------------------------------------------------+-----
Short Blades   | 1 2 3 5 6 7 8 9 10 11 12 | 12.2
Axes           | 1 2 3 5 6 7 8 9 10 11 12 | 12.2
Maces & Flails | 1 2 3 5 6 7 8 9 10 11 12 | 12.2
Polearms       | 1 2 3 5 6 7 8 9 10 11 12 | 12.2
Staves         | 1 2 3 5 6 7 8 9 10 11 12 | 12.2
Slings         | 1 2 3 5 6 7 8 9 10 11 12 | 12.2
Bows           | 1 2 3 5 6 7 8 9 10 11 12 | 12.2
Crossbows      | 1 2 3 5 6 7 8 9 10 11 12 | 12.2
Throwing       | 1 2 3 5 6 7 8 9 10 11 12 | 12.2
Dodging        | 1 2 3 5 6 7 8 9 10 11 12 | 12.2
Stealth        | 1 2 3 5 6 7 8 9 10 11 12 | 12.2
Unarmed Combat | 1 2 3 5 6 7 8 9 10 11 12 | 12.2
Spellcasting   | 1 2 3 5 6 7 8 9 10 11 12 | 12.2
Invocations    | 1 2 3 4 5 6 7 8 9 10 11 12 13 | 13.2
Evocations     | 1 2 3 5 6 7 8 9 10 11 12 | 12.2
Conjurations   | 1 2 3 4 5 6 7 8 9 10 | 10.5
Hexes          | 1 2 3 4 5 6 7 8 9 10 | 10.5
Charms         | 1 2 3 4 5 6 7 8 9 10 | 10.5
Summonings     | 1 2 3 4 5 6 7 8 9 10 | 10.5
Necromancy     | 1 2 3 4 5 6 7 8 9 10 | 10.5
Translocations | 1 2 3 4 5 6 7 8 9 10 | 10.5
Transmutations | 1 2 3 4 5 6 7 8 9 10 | 10.5
Fire Magic     | 1 2 3 4 5 6 7 8 9 10 | 10.5
Ice Magic      | 1 2 3 4 5 6 7 8 9 10 | 10.5
Air Magic      | 1 2 3 4 5 6 7 8 9 10 | 10.5
Earth Magic    | 1 2 3 4 5 6 7 8 9 10 | 10.5
Poison Magic   | 1 2 3 4 5 6 7 8 9 10 | 10.5
Long Blades    | 5 6 7 8 9 10 11 12 13 | 13.0
Fighting       | 7 8 9 10 11 12 13 | 13.6
Armour         | 7 8 9 10 11 12 13 | 13.6
Shields        | 7 8 9 10 11 12 13 | 13.6

Action                   |  1- 3 |  4- 6 |  7- 9 | 10-12 | 13-15 | 16-18 || total
-------------------------+-------+-------+-------+-------+-------+-------++-------
Melee: Long sword        |    66 |    87 |   552 |   119 |       |       ||   824
       Bite              |     4 |     8 |    65 |    99 |   132 |    83 ||   391
       Rapier            |       |       |       |   115 |       |       ||   115
       Broad axe         |       |       |       |   138 |       |       ||   138
       Scimitar          |       |       |       |   344 |   677 |   502 ||  1523
       War axe           |       |       |       |     8 |       |       ||     8
       Staff             |       |       |       |       |     6 |       ||     6
Throw: Javelin           |       |     8 |    12 |    26 |    31 |     1 ||    78
       Tomahawk          |       |       |       |       |     3 |    70 ||    73
       Throwing net      |       |       |       |       |       |     1 ||     1
 Cast: Ignite Poison     |       |       |       |    29 |    93 |   189 ||   311
       Olgreb's Toxic Ra |       |       |       |    15 |    48 |    78 ||   141
       Mephitic Cloud    |       |       |       |     1 |       |       ||     1
       Bolt of Fire      |       |       |       |       |     2 |    79 ||    81
       Freezing Cloud    |       |       |       |       |       |    14 ||    14
       Blink             |       |       |       |       |       |     3 ||     3
 Abil: Evoke Thunderclou |       |       |       |       |       |     3 ||     3
Evoke: Wand              |       |       |     9 |    14 |    16 |    11 ||    50
       Lamp of fire      |       |       |       |     1 |     3 |     7 ||    11
       Phial of floods   |       |       |       |       |     2 |     2 ||     4
       Lightning rod     |       |       |       |       |     2 |    10 ||    12
       Fan of gales      |       |       |       |       |       |     2 ||     2
  Use: Potion            |       |     1 |       |     3 |       |     6 ||    10
       Scroll            |       |       |     5 |     7 |    11 |    14 ||    37
 Stab: Paralysed         |       |       |       |     3 |       |       ||     3
       Sleeping          |       |       |       |     3 |    13 |    14 ||    30
       Distracted        |       |       |       |     1 |     1 |     1 ||     3
  Eat: Chunk             |       |     3 |     4 |    15 |    21 |    18 ||    61
       Ration            |       |       |     3 |     5 |     5 |    16 ||    29
Armor: Scale mail        |    26 |    35 |   148 |    47 |       |       ||   256
       Ring mail         |       |       |       |   174 |   159 |   107 ||   440
       Robe              |       |       |       |       |       |    46 ||    46
Dodge: Dodged            |    19 |    48 |   285 |   460 |   459 |   303 ||  1574
Block: Shield            |    41 |    60 |   351 |   523 |   469 |   404 ||  1848
       Rpst.: Long sword |    10 |    13 |    76 |    21 |       |       ||   120
       Scimitar          |       |       |       |    48 |   123 |    59 ||   230
